 Dungeon Crawl Stone Soup version 0.30-a0-847-g17996783a1 (webtiles) character file.

Game seed: 102290445204014502

446516 dolemite99 the Spry (level 24, -6/190 (208) HPs)
             Began as a Merfolk Gladiator on Mar 3, 2023.
             Was a High Priest of Ashenzari.
             Mangled by a vampire knight
             ... wielding a +0 great sword
              (31 damage)
             ... while paralysed by a vampire knight
             ... on level 3 of the Crypt.
             The game lasted 02:36:48 (98901 turns).

dolemite99 the Spry (Merfolk Gladiator)            Turns: 98901, Time: 02:36:48

HP:   -6/190 (208)  AC: 28    Str: 18    XL:     24   Next: 21%
MP:   35/49         EV:  2    Int: 24    God:    Ashenzari [*****.]
Gold: 1293          SH:  0    Dex: 21    Spells: 7/49 levels left

rFire   + + .      SeeInvis +    b - +3 greatsling "Punk" {acid, rCorr}
rCold   + . .      Faith    .    v - +2 kite shield "Unveiling Affliction" {AC+3, Bglg, Self} (curse)
rNeg    . . .      Spirit   .    I - +3 scale mail of the Gnostic Omen {rF+, Alch, Range} (curse)
rPois   +          Reflect  .    A - +1 helmet of the Wild Blue Yonder {Int+3, Evo, Comp} (curse)
rElec   .          Rampage  .    c - +2 cloak "Eternal Regret" {rCorr, Range, Cun} (curse)
rCorr   +          Clarity  +    o - +1 pair of gloves "Share My Vision" {Int+3 Stlth+, Melee, Cun} (curse)
Will    +....                    M - +2 pair of boots of the Tethered Burden {Int+5, Elem, Alch} (curse)
Stlth   ++                       P - amulet "Esoteric Dismay" {Regen+, Cun, Evo} (curse)
HPRegen 1.31/turn                q - ring of poison resistance
MPRegen 0.31/turn                Z - ring "Augurer of Ashenzari" {rF+ rC+ MP+9 Str+2, Fort, Alch} (curse)

@: paralysed, forested, drained
A: (nimble swimmer 2), mertail, agile 1
}: 2/15 runes: decaying, serpentine
a: Renounce Religion, Curse Item, Shatter the Chains


You were on level 3 of the Crypt.
You worshipped Ashenzari.
Ashenzari was extremely pleased with you.
You visited 10 branches of the dungeon, and saw 45 of its levels.
You visited the Abyss 4 times.
You visited 2 bazaars.
You also visited: Sewer and Bailey.

You collected 5212 gold pieces.
You spent 3919 gold pieces at shops.

Inventory:

Hand Weapons
 a - a +6 demon trident of electrocution
 b - the +3 greatsling "Punk" (weapon) {acid, rCorr}
   (You found it on level 2 of the Depths)

   rCorr:     It protects you from acid and corrosion.
 y - the +8 sling "Bohok" {elec, rPois Will+ Dex+2}
   (You found it on level 3 of the Lair of Beasts)

   Dex:       It affects your dexterity (+2).
   rPois:     It protects you from poison.
   Will:      It increases your willpower.
 O - a +5 demon trident of flaming
Missiles
 d - 8 throwing nets
 e - 17 javelins
 T - 37 boomerangs
Armour
 c - the cursed +2 cloak "Eternal Regret" (worn) {rCorr, Range, Cun}
   (You found it on level 11 of the Dungeon)

   It has a curse which improves the following skills: Ranged Combat: Ranged
   Weapons and Throwing.
   Cunning:   Dodging and Stealth.
 o - the cursed +1 pair of gloves "Share My Vision" (worn) {Int+3 Stlth+, Melee, Cun}
   (You found it on level 2 of the Snake Pit)

   Int:       It affects your intelligence (+3).
   Stlth:     It makes you more stealthy.
   It has a curse which improves the following skills: Melee Combat: Short
   Blades, Long Blades, Axes, Maces & Flails, Polearms, Staves and Unarmed
   Combat.
   Cunning:   Dodging and Stealth.
 t - +3 fire dragon scales
 v - the cursed +2 kite shield "Unveiling Affliction" (worn) {AC+3, Bglg, Self}
   (You took it off a naga warrior on level 2 of the Snake Pit)

   It has a curse which improves the following skills: Beguiling: Conjurations,
   Hexes and Translocations.
   Introspection: Fighting and Spellcasting.
 A - the cursed +1 helmet of the Wild Blue Yonder (worn) {Int+3, Evo, Comp}
   (You bought it in a shop on level 6 of the Dungeon)

   It has a curse which improves the following skills: Evocations: Evocations.
   Companions: Summonings and Necromancy.
 I - the cursed +3 scale mail of the Gnostic Omen (worn) {rF+, Alch, Range}
   (You bought it in a shop on level 1 of the Vaults)

   It has a curse which improves the following skills: Alchemy: Poison Magic and
   Transmutations.
   Ranged Combat: Ranged Weapons and Throwing.
 M - the cursed +2 pair of boots of the Tethered Burden (worn) {Int+5, Elem, Alch}
   (You found it on level 2 of the Swamp)

   Int:       It affects your intelligence (+5).
   It has a curse which improves the following skills: Elements: Fire Magic, Ice
   Magic, Air Magic and Earth Magic.
   Alchemy:   Poison Magic and Transmutations.
 R - the +1 pair of boots of Golden Creativity {rN+}
   (You bought it in a shop in a bazaar)

   rN:        It protects you from negative energy.
Magical Staves
 S - a staff of cold
Jewellery
 q - a ring of poison resistance (left hand)
 x - a ring of protection from cold
 z - the ring "Esteosk" {Will+ Str+2 Int+4}
   (You found it on level 3 of the Dungeon)

   [ring of willpower]

   Str:       It affects your strength (+2).
   Int:       It affects your intelligence (+4).
   Will:      It increases your willpower.
 J - a ring of protection from fire
 K - a +6 ring of intelligence
 P - the cursed amulet "Esoteric Dismay" (around neck) {Regen+, Cun, Evo}
   (You found it on level 9 of the Dungeon)

   [amulet of regeneration]

   Regen:     It increases your rate of health regeneration.
   It has a curse which improves the following skills: Cunning: Dodging and
   Stealth.
   Evocations: Evocations.
 Z - the cursed ring "Augurer of Ashenzari" (right hand) {rF+ rC+ MP+9 Str+2, Fort, Alch}
   (You bought it in a shop in a bazaar)

   [ring of protection from fire]

   Str:       It affects your strength (+2).
   rF:        It protects you from fire.
   rC:        It protects you from cold.
   MP:        It affects your magic capacity (+9).
   It has a curse which improves the following skills: Fortitude: Armour and
   Shields.
   Alchemy:   Poison Magic and Transmutations.
Wands
 g - a wand of mindburst (5)
 u - a wand of iceblast (9)
 F - a wand of charming (20)
 W - a wand of digging (2)
Scrolls
 l - 5 scrolls of poison
 n - 4 scrolls of butterflies
 p - 9 scrolls of teleportation
 r - a scroll of fear
 w - 2 scrolls of blinking
 D - 2 scrolls of magic mapping
 E - 23 scrolls of identify {@r1}
 Q - 2 scrolls of vulnerability
 X - 3 scrolls of fog
Potions
 f - 2 potions of invisibility
 h - 7 potions of heal wounds
 i - 3 potions of berserk rage
 j - 5 potions of resistance
 k - 21 potions of curing
 m - a potion of brilliance
 s - 5 potions of magic
 G - 4 potions of might
 L - 8 potions of haste
 N - 5 potions of cancellation
Miscellaneous
 B - a condenser vane (inert)
 C - a lightning rod (1/4)
 H - a phial of floods
 U - a tin of tremorstones (inert)
 V - a phantom mirror (inert)
 Y - a box of beasts


   Skills:
 - Level 19.0(21.0) Fighting
 - Level 14.3(16.5) Polearms
 - Level 10.5(14.0) Ranged Weapons
 - Level 6.2(9.7) Throwing
 - Level 11.4(13.6) Armour
 - Level 20.0(24.2) Dodging
 - Level 13.9(16.1) Shields
 - Level 11.0(13.2) Spellcasting
 - Level 11.5(13.8) Hexes
 - Level 15.3(17.5) Summonings
 + Level 10.4(12.7) Necromancy
 - Level 9.1(11.4) Translocations
 - Level 5.1(7.3) Ice Magic
 - Level 4.7(6.9) Earth Magic
 - Level 4.0(7.1) Evocations


You had 7 spell levels left.
You knew the following spells:

 Your Spells              Type           Power      Damage    Failure   Level
a - Animate Armour        Summ/Erth      100%       N/A       1%          4
b - Summon Mana Viper     Hex/Summ       74%        N/A       1%          5
c - Summon Cactus Giant   Summ           39%        N/A       1%          6
d - Summon Forest         Summ/Tloc      35%        N/A       1%          5
e - Anguish               Hex/Necr       34%        N/A       1%          4
f - Death Channel         Necr           33%        N/A       12%         6
g - Malign Gateway        Summ/Tloc      35%        N/A       32%         7
h - Ozocubu's Armour      Ice            50%        N/A       2%          3
i - Sublimation of Blood  Necr           67%        N/A       1%          2

Your spell library contained the following spells:

 Spells                   Type           Power      Damage    Failure   Level
 Slow                     Hex            100%       N/A       1%          1
 Ensorcelled Hibernation  Hex/Ice        100%       N/A       1%          2
 Call Canine Familiar     Summ           79%        N/A       1%          3
 Confusing Touch          Hex            70%        N/A       1%          3
 Portal Projectile        Hex/Tloc       100%       N/A       1%          3
 Vampiric Draining        Necr           67%        2d10      1%          3
 Animate Dead             Necr           67%        N/A       1%          4
 Cause Fear               Hex            35%        N/A       1%          4
 Leda's Liquefaction      Hex/Erth       30%        N/A       1%          4
 Dazzling Flash           Conj/Hex       98%        N/A       2%          3
 Inner Flame              Hex/Fire       49%        N/A       2%          3
 Agony                    Necr           67%        N/A       2%          5
 Summon Lightning Spire   Summ/Air       56%        N/A       3%          4
 Vhi's Electric Charge    Tloc/Air       88%        N/A       4%          3
 Borgnjor's Vile Clutch   Necr/Erth      29%        N/A       8%          5
 Kindle Blastsparks       Fire/Tloc/Air  70%        2d15      9%          3
 Fulminant Prism          Conj/Hex       24%        3d12      9%          4
 Hailstorm                Conj/Ice       34%        3d9       10%         3
 Stone Arrow              Conj/Erth      66%        3d11      10%         3
 Sting                    Tmut/Pois      76%        1d6       12%         1
 Magic Dart               Conj           68%        1d6       13%         1
 Shock                    Conj/Air       68%        1d7       13%         1
 Iskenderun's Mystic Bla  Conj/Tloc      44%        2d10      13%         4
 Poisonous Vapours        Pois/Air       36%        N/A       19%         2
 Searing Ray              Conj           34%        2d5       21%         2
 Silence                  Hex/Air        24%        N/A       22%         5
 Lee's Rapid Deconstruct  Erth           24%        3d13*     24%         5
 Ice Form                 Ice/Tmut       35%        N/A       28%         4
 Petrify                  Tmut/Erth      34%        N/A       30%         4
 Spider Form              Tmut/Pois      19%        N/A       34%         3
 Swiftness                Air            17%        N/A       36%         3
 Simulacrum               Ice/Necr       29%        N/A       36%         6
 Enfeeble                 Hex            35%        N/A       41%         7
 Olgreb's Toxic Radiance  Pois           19%        N/A       75%         4
 Airstrike                Air            8%         2d(2-18)  78%         4
 Freezing Cloud           Conj/Ice/Air   14%        6-21      80%         5
 Blade Hands              Tmut           9%         N/A       97%         5
 Arcjolt                  Conj/Air       8%         1d18      98%         5
 Irradiate                Conj/Tmut      9%         3d14      98%         5
 Iron Shot                Conj/Erth      16%        9d4       99%         6
 Statue Form              Tmut/Erth      22%        N/A       99%         6
 Ozocubu's Refrigeration  Ice            25%        4d13      99%         7
 Conjure Ball Lightning   Conj/Air       8%         3x3d6     100%        6
 Dragon Form              Tmut           9%         N/A       100%        7
 Storm Form               Tmut/Air       9%         N/A       100%        7
 Summon Horrible Things   Summ           39%        N/A       58%         8
 Discord                  Hex            35%        N/A       98%         8
 Lehudib's Crystal Spear  Conj/Erth      16%        10d5      100%        8
 Maxwell's Capacitive Co  Air            8%         ∞         100%        8
 Polar Vortex             Ice            25%        N/A       100%        9


Dungeon Overview and Level Annotations

Branches:
Dungeon (15/15)            Temple (1/1) D:6            Lair (5/5) D:11
  Swamp (4/4) Lair:2        Snake (4/4) Lair:2        Slime (0/5) Lair:5
    Orc (2/2) D:11            Elf (3/3) Orc:2        Vaults (4/5) D:14
  Crypt (3/3) Vaults:3       Tomb (0/3) Crypt:3      Depths (4/4) D:15
    Zot (0/5) Depths:4      Sewer (visited)          Bailey (visited)

Altars:
Ashenzari
Cheibriados
Dithmenos
Elyvilon
Fedhas
Gozag
Hepliaklqana
Kikubaaqudgha
Makhleb
Nemelex Xobeh
Okawaru
Qazlal
Ru
Sif Muna
Trog
Uskayaw
Vehumet
Wu Jian
Xom
Yredelemnul
Zin
The Shining One
Jiyva

Shops:
D:6 [   Orc:2 =!*=   Elf:1 [*(   Elf:2 ==:(   Snake:1 *   Vaults:1 [
Vaults:3 [[   Depths:2 [

Portals:
Hell: Depths:1 Depths:2 Depths:3 Depths:4
Abyss: Depths:1 Depths:3
Pandemonium: Depths:2 Depths:3 Depths:4
Ziggurat: Depths:2
Trove: D:14 (give 10 potions of heal wounds)

Annotations:
Snake:1 1 runed translucent door
Vaults:3 exclusion: downstairs
Depths:1 exclusion: obsidian statue


Innate Abilities, Weirdness & Mutations

((You are very nimble when in or above water. (Stealth+, EV+, Speed+++)))
Your lower body shifts to a powerful aquatic tail in water.
You are agile. (Dex +4, Str/Int -1)


Message History

The vampire knight gestures at you while chanting.
You suddenly lose the ability to move!
An eidolon comes into view.
The vampire mage mumbles some strange words.
The vampire knight hits you with a +0 great sword!!
The vampire knight bites you.
The vampire knight draws strength from your injuries!
The vampire mage gestures at you while chanting.
The bolt of negative energy hits you!!
You feel drained.
* * * LOW HITPOINT WARNING * * *
A reaper comes into view. It is wielding a +1 heavy scythe.
The eidolon stares piercingly at you.
The bolt of negative energy hits the curse skull.
The curse skull completely resists.
The bolt of negative energy hits the vampire mage.
The vampire mage completely resists.
The bolt of negative energy hits you!!
You feel drained.
* * * LOW HITPOINT WARNING * * *
The vampire knight hits you with a +0 great sword!
* * * LOW HITPOINT WARNING * * *
The vampire knight bites you but does no damage.
The flying skull hits you but does no damage. x2
The vampire mage is no longer covered in acid.
The vampire knight gestures wildly while chanting.
The vampire knight flickers and vanishes for a moment.
The flying skull hits you but does no damage. x2
A shadow wraith comes into view.
The vampire mage hits you but does no damage.
The vampire mage completely misses you.
The vampire knight hits you but does no damage.
The vampire knight bites you but does no damage.
The curse skull rattles its jaw.
The flying skull hits you but does no damage. x2
The vampire mage hits you.
* * * LOW HITPOINT WARNING * * *
The vampire mage bites you.
* * * LOW HITPOINT WARNING * * *
The vampire mage draws strength from your injuries!
The vampire knight hits you with a +0 great sword!!
You die...

........, .....,, , * , ,,
##♣#####.# ##♣...# ,, *,, ,
.......... ..##W..#... , *
* ,, ♣♣######)###>#♣.2.#..
* ,, ** ' ' #**
..#.##.z.♣.. * ,,, , # ,
#.#.##♣..#.#, * , *
##########.#.#♣...♣.♣, ,
...........♣.♣#WVz#Z# ,## *
,
####....###.....@VzW#...##
,, ,,
........'...♣....zZ....:..,
,
####....###.....W.....♣...
, ,
#.#.#.#..#♣♣#♣.....Z......
.#.#.#.#.# #♣....##......,
, , #.#.#.#..#
#.....#*..~≈~., , ,,
.#.#.#.#+###♣.....♣
..~≈~.,,, *
#.#.#.#........##♣# ..≈~.,
, * .#.#.#.#.......###
..... , **


You could see a reaper, a vampire knight (fast, invisible), an eidolon, an
ancient champion, a flayed ghost (summoned), a vampire mage (invisible), a
shadow wraith (invisible), a curse skull, a freezing wraith (summoned), 2 flying
skulls, an anaconda zombie (summoned), a dire elephant skeleton and a harpy
skeleton (summoned).

Vanquished Creatures
  Vashnia (Snake:2)
  Jory (Crypt:1)
  A golden dragon (Depths:4)
  A bone dragon (Depths:4)
  2 deep elf master archers (Elf:3)
  Frances (Snake:1)
  An ancient champion (Vaults:3)
  3 tengu reavers
  3 sphinxes (Vaults:2)
  2 fire giants (Depths:2)
  A thorn hunter (Swamp:4)
  A revenant (Crypt:2)
  2 frost giants
  4 vault wardens
  A deep elf sorcerer (Elf:3)
  5 ironbound preservers
  A curse skull (Crypt:2)
  2 stone giants
  An ironbound thunderhulk (Vaults:3)
  7 very ugly things
  7 dire elephants
  3 deep elf demonologists
  4 vampire knights
  3 eleionomae
  5 deep elf annihilators (Elf:3)
  A bunyip (Swamp:4)
  3 eidola (Crypt:2)
  An ettin (Depths:3)
  3 jiangshi
  A deep elf death mage (Crypt:1)
  An acid blob zombie (Crypt:1)
  A deep elf high priest (Elf:3)
  A great orb of eyes (Vaults:2)
  An entropy weaver (Vaults:3)
  3 yaktaur captains
  12 hydras
  2 ice dragons
  4 fire dragons
  A rakshasa (Depths:2)
  3 vault guards
  A ghost crab (Swamp:2)
  4 ironbound frosthearts
  2 anacondas
  Erica (Lair:2)
  2 catoblepae
  16 dancing weapons
  3 centaur warriors
  3 two-headed ogres
  2 deep troll shamans
  2 alligators
  7 death yaks
  5 tengu warriors
  A vampire mage (Crypt:2)
  A thrashing horror (Abyss:2)
  2 spriggan berserkers
  2 hell knights (Depths:3)
  Urug (D:11)
  3 naga sharpshooters
  An orc high priest (Vaults:3)
  A shock serpent (Snake:3)
  Sonja (Orc:1)
  3 sun demons
  9 deep elf knights
  Amaemon (D:11)
  A soul eater (Abyss:2)
  2 sixfirhies (Depths:1)
  2 salamander mystics
  2 goliath frogs
  Lodul (D:11)
  An iron troll (Depths:4)
  10 deep trolls
  2 fire crabs (Swamp:4)
  3 shadow wraiths
  4 swamp dragons
  11 skeletal warriors
  2 wizards
  A spriggan druid (Swamp:1)
  2 glowing orange brains
  4 bog bodies
  A death drake (Swamp:3)
  2 flayed ghosts (Crypt:3)
  3 necromancers
  3 lindwurms
  7 deep elf archers
  6 ironbound convokers
  6 orc knights
  14 deep elf pyromancers
  2 phantasmal warriors
  A harpy (Vaults:3)
  2 orc sorcerers
  12 deep elf zephyrmancers
  4 mana vipers
  2 salamanders (Snake:2)
  2 cyclopes
  2 manticores
  7 elephants
  8 ugly things
  2 guardian serpents
  A stone giant skeleton (Vaults:2)
  2 rust devils
  14 black mambas
  12 cane toads
  5 naga magi
  2 smoke demons
  An ice statue (Vaults:3)
  2 slime creatures (Vaults:2)
  A centaur skeleton (Crypt:2)
  8 vault sentinels
  2 orange demons
  2 kobold demonologists
  A torpor snail (Lair:5)
  13 komodo dragons
  A human zombie (Vaults:4)
  An efreet (D:15)
  Maggie (D:8)
  3 rime drakes
  A freezing wraith (Crypt:1)
  A yaktaur (shapeshifter) (D:15)
  4 yaktaurs
  A tengu conjurer (D:11)
  6 trolls
  A harpy zombie (Crypt:2)
  3 polar bears (Lair:5)
  A red devil (Depths:2)
  5 hellwings
  2 hornets
  5 tyrant leeches
  2 raiju (Abyss:2)
  4 blink frogs (Lair:3)
  A large abomination (Elf:3)
  A harpy skeleton (Crypt:2)
  3 dream sheep (Lair:5)
  A culicivora (Vaults:3)
  A spriggan (Swamp:3)
  2 shadows
  4 vampires
  Eustachio (D:5)
  3 wyverns
  Grum (D:11)
  3 nameless horrors
  4 water elementals (Depths:4)
  An alligator snapping turtle simulacrum (Crypt:2)
  7 wraiths
  5 basilisks
  50 yaks
  A fire elemental (Elf:3)
  A basilisk (shapeshifter) (D:14)
  2 redbacks
  3 steam dragons
  9 vampire mosquitoes
  2 wargs
  2 acid dragons
  31 water moccasins
  A glowing shapeshifter zombie (Crypt:1)
  6 swamp worms
  18 nagas
  A two-headed ogre skeleton (Crypt:2)
  A floating eye (shapeshifter) (Depths:1)
  4 swamp drakes
  A merfolk skeleton (Crypt:3)
  3 black bears
  A faun skeleton (Crypt:3)
  A cane toad skeleton (Crypt:3)
  2 sky beasts (D:7)
  2 ice beasts
  11 orc warriors
  8 elf zombies (Elf:1)
  11 wolves
  9 ogres
  11 centaurs
  17 kobold brigands
  A rime drake zombie (Crypt:2)
  A komodo dragon zombie (Crypt:2)
  A fire crab zombie (Crypt:2)
  18 bullfrogs
  A necrophage (Swamp:3)
  6 scorpions
  2 small abominations (Abyss:2)
  A gnoll sergeant (D:10)
  A yaktaur zombie (Crypt:1)
  An earth elemental (Elf:1)
  A shapeshifter zombie (Crypt:3)
  6 killer bees
  A wolf zombie (Crypt:2)
  An electric eel (Lair:4)
  11 howler monkeys
  6 jellies
  8 orc priests
  2 hounds
  3 starcursed masses (Abyss:2)
  13 iguanas
  A scorpion zombie (D:3)
  10 orc wizards
  6 hell rats (Lair:1)
  An ogre zombie (Crypt:1)
  A boggart simulacrum (D:14)
  Robin (D:2)
  5 gnolls
  15 adders
  2 river rats (D:5)
  A shadow imp (Abyss:2)
  An ufetubus (D:7)
  An iguana skeleton (Crypt:1)
  2 dart slugs
  6 worms
  49 orcs
  3 bats
  A bat skeleton (Crypt:2)
  9 endoplasms
  3 giant cockroaches
  20 goblins
  8 hobgoblins
  4 jackals (D:1)
  2 quokkas
  8 ball pythons
  A ball python skeleton (D:3)
  3 ball python zombies (D:3)
  4 frilled lizards
  24 kobolds
  5 rats
946 creatures vanquished.

Vanquished Creatures (collateral kills)
  Boris (Crypt:1)
  Sojobo (Crypt:1)
  Saint Roka (Vaults:4)
  Bai Suzhen (Depths:1)
  Jorgrun (Elf:2)
  A lich (Depths:4)
  A shard shrike skeleton (Crypt:2)
  2 deep elf blademasters (Elf:3)
  Asterion (Depths:1)
  3 ancient champions
  3 sphinxes
  A thorn hunter (Swamp:4)
  Agnes (Snake:1)
  Kirke (D:15)
  3 nagarajas
  A shadow dragon (Depths:3)
  Roxanne (Elf:1)
  2 fire giants
  A draconian knight (Depths:4)
  Louise (Swamp:4)
  4 deep elf sorcerers
  8 vault wardens
  A frost giant (Depths:1)
  A deep elf elementalist (Elf:3)
  3 orc warlords
  4 ghouls
  A cacodemon (Depths:2)
  8 ironbound preservers
  7 very ugly things
  2 war gargoyles (Vaults:1)
  3 green draconians (Depths:4)
  6 stone giants (Depths:1)
  2 vampire knights
  4 ironbound thunderhulks
  6 deep elf annihilators (Elf:3)
  2 deep elf demonologists (Elf:3)
  An eleionoma (Swamp:2)
  2 spark wasps (Depths:3)
  A black draconian (Depths:4)
  9 dire elephants
  2 bunyips (Swamp:4)
  Snorg (Orc:1)
  3 deep elf death magi (Elf:3)
  2 eidola (Crypt:2)
  3 ettins (Depths:1)
  An ettin (shapeshifter) (Vaults:2)
  5 jiangshi
  5 fire dragons
  A shambling mangrove (Swamp:3)
  5 vault guards
  2 entropy weavers (Vaults:4)
  A merfolk impaler (Depths:4)
  A deep elf high priest (Elf:3)
  2 yaktaur captains
  9 great orbs of eyes
  Harold (Orc:1)
  3 peacekeepers
  2 spriggan air magi
  A ghost crab (Swamp:3)
  A rakshasa (Depths:1)
  5 anacondas
  An ice dragon (Depths:4)
  10 hydras
  4 ironbound frosthearts
  3 salamander tyrants (Snake:4)
  8 centaur warriors
  2 boulder beetles
  3 two-headed ogres
  2 alligators (Swamp:4)
  17 dancing weapons
  5 tengu warriors
  5 deep troll earth magi
  4 deep troll shamans (Depths:4)
  14 naga warriors
  A vampire mage (Depths:4)
  A spriggan berserker (Depths:3)
  9 naga sharpshooters
  5 orc high priests
  Nergalle (D:11)
  5 shock serpents
  15 deep elf knights
  3 death yaks (Lair:5)
  An emperor scorpion zombie (Crypt:1)
  7 hell knights
  2 salamander mystics
  18 skeletal warriors
  8 iron trolls
  A sixfirhy (Depths:2)
  A glowing orange brain (Vaults:4)
  A goliath frog (Swamp:1)
  35 deep trolls
  2 phantasmal warriors
  A spriggan druid (Swamp:2)
  4 naga ritualists (Snake:4)
  8 swamp dragons
  9 deep elf archers
  3 bog bodies
  12 orc knights
  15 ironbound convokers
  2 harpies (Vaults:3)
  9 wizards
  28 ugly things
  16 deep elf pyromancers
  A tengu skeleton (Depths:1)
  13 lindwurms
  4 orc sorcerers
  4 necromancers
  8 mana vipers
  4 will-o-the-wisps
  29 deep elf zephyrmancers
  2 manticores
  2 cyclopes (D:15)
  A sphinx skeleton (Crypt:2)
  10 salamanders
  A frost giant skeleton (Depths:1)
  2 centaur zombies (D:15)
  An elephant (Lair:5)
  2 guardian serpents (Snake:4)
  10 vault sentinels
  2 orange demons (Depths:1)
  A smoke demon (Depths:1)
  23 naga magi
  10 black mambas
  A cane toad (Lair:5)
  A gargoyle (D:12)
  A yaktaur zombie (Vaults:2)
  A freezing wraith (D:15)
  2 centaur skeletons (D:15)
  2 human zombies (Vaults:2)
  2 efreet
  25 yaktaurs
  A komodo dragon (Lair:5)
  A red devil (Depths:2)
  5 trolls
  2 yaktaur skeletons
  A wolf spider simulacrum (D:15)
  5 tyrant leeches
  6 hornets
  19 slime creatures
  A centaur simulacrum (D:15)
  A spriggan zombie (Depths:1)
  A culicivora (Vaults:4)
  8 water elementals
  2 air elementals
  2 ynoxinuls
  2 yaks
  3 spriggans
  6 nameless horrors
  A basilisk (D:14)
  5 hogs (D:15)
  A neqoxec (Depths:1)
  A spriggan simulacrum (Depths:1)
  3 steam dragons (Swamp:4)
  2 redbacks
  2 vampire mosquitoes
  A chaos spawn (Depths:2)
  2 wargs
  11 swamp worms
  29 nagas
  An acid dragon (D:14)
  2 water moccasins (Lair:5)
  8 swamp drakes
  27 orc warriors
  A glowing shapeshifter skeleton (Vaults:2)
  A meliai simulacrum (D:14)
  2 elf zombies (Elf:1)
  A hornet zombie (Swamp:3)
  3 ogres
  2 wolves (Lair:5)
  4 boggarts
  2 centaurs (D:14)
  A snapping turtle skeleton (Crypt:1)
  2 earth elementals
  A gnoll sergeant (D:13)
  A glowing shapeshifter simulacrum (Depths:1)
  3 necrophages
  A killer bee (shapeshifter) (Vaults:2)
  2 howler monkeys (D:14)
  17 orc priests
  19 orc wizards
  A hound skeleton (Crypt:1)
  4 gnolls (D:13)
  30 orcs
  A briar patch (Swamp:4)
  A bush (Lair:5)
887 creatures vanquished.

Vanquished Creatures (others)
  A hydra (Swamp:4)
  A vampire mage (Crypt:1)
  2 deep elf knights (Elf:1)
  A bunyip zombie (Swamp:4)
  An anaconda zombie (Snake:2)
  3 orc knights (Vaults:2)
  6 ugly thing zombies
  A frost giant zombie (Vaults:4)
  A dire elephant zombie (Vaults:4)
  2 orange demons (Depths:1)
  A green draconian zombie (Depths:4)
  A redback zombie (Vaults:4)
  An iron troll zombie (Depths:1)
  A swamp worm zombie (Swamp:2)
  2 bloated husks
  A hellwing (Depths:1)
  A fire dragon zombie (Depths:2)
  A hydra zombie (Swamp:3)
  An alligator zombie (Swamp:4)
  A culicivora zombie (Vaults:4)
  19 human zombies
  A great orb of eyes zombie (Vaults:4)
  2 black mamba zombies (Snake:4)
  4 slime creature zombies (Vaults:2)
  21 deep troll zombies
  2 two-headed ogre zombies (Vaults:3)
  5 salamander zombies (Snake:4)
  A naga (Snake:3)
  An entropy weaver zombie (Vaults:4)
  A swamp drake (Swamp:4)
  A hornet zombie (Swamp:3)
  2 lindwurm zombies (Vaults:4)
  21 naga zombies
  2 swamp dragon zombies (Swamp:4)
  9 elf zombies
  6 yaktaur zombies
  A small abomination (Abyss:2)
  A troll zombie (Orc:2)
  3 spriggan zombies
  2 swamp drake zombies
  18 orc zombies
  A frilled lizard skeleton (Crypt:1)
  A briar patch (Swamp:4)
  A fire vortex (Swamp:4)
  9 foxfires (Swamp:3)
  24 fungi
  60 plants
  69 snaplasher vines
  A withered plant (D:3)
319 creatures vanquished.

Grand Total: 2152 creatures vanquished

Notes
Turn   | Place    | Note
-------+----------+-------------------------------------------
     0 | D:1      | dolemite99 the Merfolk Gladiator began the quest for the
                  | Orb.
     0 | D:1      | Reached XP level 1. HP: 16/16 MP: 1/1
    78 | D:1      | Reached XP level 2. HP: 22/22 MP: 2/2
   168 | D:1      | Reached skill level 5 in Polearms
   181 | D:1      | You fall into a shaft and drop 1 floor!
   491 | D:1      | Reached XP level 3. HP: 24/27 MP: 3/3
  1111 | D:2      | Noticed Robin
  1929 | D:2      | Killed Robin
  1930 | D:2      | Reached XP level 4. HP: 30/33 MP: 4/4
  2339 | D:3      | Found a glowing silver altar of Zin.
  2596 | D:3      | Identified the ring "Esteosk" {Will+ Str+2 Int+4}
  2649 | D:3      | Found a shadowy altar of Dithmenos.
  2785 | D:3      | Found a radiant altar of Vehumet.
  2935 | D:3      | Found a blossoming altar of Fedhas.
  3179 | D:4      | Noticed a scorpion
  3193 | D:4      | Killed a scorpion
  3194 | D:4      | Reached XP level 5. HP: 34/38 MP: 5/5
  3229 | D:4      | Noticed a centaur
  3247 | D:4      | Killed a centaur
  3248 | D:4      | Reached XP level 6. HP: 23/44 MP: 6/6
  3558 | D:4      | Found a glowing golden altar of the Shining One.
  3650 | D:4      | Became a worshipper of the Shining One
  3870 | D:4      | Reached skill level 10 in Polearms
  3870 | D:4      | Reached XP level 7. HP: 46/50 MP: 7/7
  4071 | D:5      | Entered Level 5 of the Dungeon
  4118 | D:5      | Found a glowing drain.
  4122 | Sewer    | Entered a sewer
  5093 | Sewer    | Reached XP level 8. HP: 54/56 MP: 8/8
  5982 | D:5      | Noticed Eustachio
  5998 | D:5      | Killed Eustachio
  6856 | D:6      | Reached XP level 9. HP: 61/61 MP: 9/9
  7086 | D:6      | Reached skill level 5 in Throwing
  7518 | D:6      | Found a staircase to the Ecumenical Temple.
  7546 | Temple   | Entered the Ecumenical Temple
  7570 | Temple   | Fell from the grace of the Shining One
  7570 | Temple   | Became a worshipper of Ashenzari the Shackled
  8156 | D:6      | Found Ynuang's Armour Shoppe.
  8166 | D:6      | Bought a +0 helmet of intelligence for 149 gold pieces
  8939 | D:7      | Reached skill level 5 in Fighting
  8970 | D:7      | Identified the cursed +0 pair of boots "Omen of the
                  | All-Knowing" {Evo, Alch} (You found it on level 1 of the
                  | Dungeon)
  9004 | D:7      | Reached skill level 1 in Armour
  9024 | D:7      | Reached * piety under Ashenzari
  9167 | D:7      | Noticed a hornet
  9173 | D:7      | Killed a hornet
  9174 | D:7      | Reached XP level 10. HP: 66/74 MP: 10/10
  9378 | D:7      | Found an opulent altar of Gozag.
  9594 | D:8      | Reached skill level 1 in Shields
  9650 | D:8      | Noticed Maggie
  9664 | D:8      | Killed Maggie
 10112 | D:8      | Reached ** piety under Ashenzari
 10117 | D:8      | Reached skill level 5 in Shields
 10850 | D:9      | Reached skill level 5 in Dodging
 10858 | D:9      | Reached XP level 11. HP: 60/85 MP: 11/11
 11233 | D:9      | Found a bloodstained altar of Trog.
 11382 | D:9      | Noticed a cyclops
 11396 | D:9      | Killed a cyclops
 11397 | D:9      | Reached skill level 6 in Dodging
 11834 | D:9      | Reached skill level 7 in Dodging
 12041 | D:9      | Identified the +4 trident "Orb Guardian's Peril" {drain,
                  | Drain rElec rC+++ rN+}
 12141 | D:9      | Noticed a red ugly thing
 12153 | D:9      | Killed a red ugly thing
 12154 | D:9      | Reached skill level 8 in Dodging
 12175 | D:9      | Noticed a centaur warrior
 12178 | D:9      | Noticed a wizard
 12179 | D:9      | Noticed a white ugly thing
 12179 | D:9      | Noticed a red ugly thing
 12179 | D:9      | Noticed a white ugly thing
 12183 | D:9      | Killed a centaur warrior
 12197 | D:8      | Killed a red ugly thing
 12643 | D:9      | Noticed a tengu warrior
 12648 | D:10     | Entered Level 10 of the Dungeon
 12786 | D:10     | Reached *** piety under Ashenzari
 12814 | D:10     | Reached skill level 1 in Evocations
 13000 | D:10     | Found a flagged portal.
 13009 | Bailey   | Entered a bailey
 13013 | Bailey   | Reached **** piety under Ashenzari
 13322 | Bailey   | Found a bloodstained altar of Trog.
 13463 | Bailey   | Learned a level 3 spell: Call Canine Familiar
 13494 | D:10     | Reached skill level 1 in Summonings
 13507 | D:10     | Found a snail-covered altar of Cheibriados.
 14341 | D:11     | Noticed Grum
 14356 | D:11     | Killed Grum
 14396 | D:11     | Found a staircase to the Lair.
 14408 | D:11     | Noticed an eight-headed hydra
 14427 | D:11     | Killed an eight-headed hydra
 14457 | D:11     | Reached XP level 12. HP: 99/99 MP: 12/12
 14465 | D:11     | Noticed Lodul
 14476 | D:11     | Killed Lodul
 14477 | D:11     | Reached skill level 5 in Summonings
 14751 | D:11     | Noticed Urug
 14751 | D:11     | Noticed a two-headed ogre
 14755 | D:11     | Killed a two-headed ogre
 14763 | D:11     | Noticed Amaemon
 15035 | D:11     | Noticed a tengu warrior
 15238 | D:11     | Learned a level 4 spell: Animate Dead
 15350 | D:11     | Killed a tengu warrior
 15351 | D:11     | Reached skill level 1 in Spellcasting
 15526 | D:11     | Found a staircase to the Orcish Mines.
 15589 | D:11     | Killed Urug
 16057 | D:11     | Reached skill level 5 in Armour
 16082 | D:11     | Killed Amaemon
 16205 | Lair:1   | Entered Level 1 of the Lair of Beasts
 16979 | Lair:2   | Noticed Erica
 16995 | Lair:2   | Killed Erica
 17259 | Lair:2   | Found a staircase to the Snake Pit.
 17287 | Lair:2   | Reached XP level 13. HP: 97/104 MP: 19/19
 17530 | Lair:2   | Found a staircase to the Swamp.
 17543 | Lair:2   | Reached skill level 10 in Fighting
 17985 | Lair:2   | Learned a level 4 spell: Anguish
 18011 | Lair:2   | Identified the +2 leather armour of the Bedazzling Gods
                  | {rN+ Will+ Str+2}
 18061 | Lair:2   | Reached skill level 1 in Necromancy
 18725 | Lair:3   | Reached skill level 1 in Hexes
 18940 | Lair:3   | Reached skill level 5 in Hexes
 19430 | Lair:3   | Identified the +8 sling "Bohok" {elec, rPois Will+ Dex+2}
 19536 | Lair:3   | Reached skill level 1 in Ranged Weapons
 19986 | Lair:4   | Identified a scroll of acquirement
 20006 | Lair:4   | Acquired a +1 pair of gloves of strength
 20167 | Lair:4   | Reached XP level 14. HP: 99/116 MP: 20/20
 20693 | Lair:4   | Reached skill level 5 in Ranged Weapons
 21016 | Lair:4   | Reached ***** piety under Ashenzari
 21190 | Lair:5   | Entered Level 5 of the Lair of Beasts
 21191 | Lair:5   | Found a viscous altar of Jiyva.
 21229 | Lair:4   | Acquired a manual of Summonings
 21630 | Lair:5   | Learned a level 5 spell: Summon Mana Viper
 21677 | Lair:5   | Reached skill level 10 in Summonings
 21843 | Lair:5   | Found a staircase to the Slime Pits.
 25483 | Orc:1    | Entered Level 1 of the Orcish Mines
 25490 | Orc:1    | Noticed Nergalle
 25497 | D:11     | Reached XP level 15. HP: 58/122 MP: 13/21
 25759 | D:11     | Learned a level 6 spell: Summon Cactus Giant
 25864 | Orc:1    | Noticed an orc warlord
 25878 | D:11     | Killed Nergalle
 26084 | Orc:1    | Noticed Harold
 26090 | Orc:1    | Killed an orc warlord
 26103 | Orc:1    | Killed Harold
 26459 | Orc:1    | Noticed Snorg
 26470 | Orc:1    | Killed Snorg
 26474 | Orc:1    | Reached skill level 5 in Spellcasting
 27267 | Orc:2    | Entered Level 2 of the Orcish Mines
 27268 | Orc:2    | Noticed Sonja
 27330 | Orc:1    | Killed Sonja
 27745 | Orc:1    | Learned a level 5 spell: Summon Forest
 27781 | Orc:2    | Found a staircase to the Elven Halls.
 27996 | Orc:2    | Reached skill level 1 in Translocations
 30138 | Orc:2    | Found Nagge's Jewellery Shop.
 30138 | Orc:2    | Found Opnityulu's Jewellery Emporium.
 30140 | Orc:2    | Found Bosaet's General Store.
 30140 | Orc:2    | Found Maxuph's Distillery.
 30154 | Orc:2    | Bought a potion of resistance for 140 gold pieces
 30154 | Orc:2    | Bought a potion of resistance for 140 gold pieces
 30154 | Orc:2    | Bought 2 potions of heal wounds for 140 gold pieces
 30154 | Orc:2    | Bought a potion of haste for 140 gold pieces
 30154 | Orc:2    | Bought 2 potions of heal wounds for 140 gold pieces
 30154 | Orc:2    | Bought a potion of invisibility for 112 gold pieces
 30154 | Orc:2    | Bought a potion of berserk rage for 70 gold pieces
 30154 | Orc:2    | Bought a potion of curing for 42 gold pieces
 30154 | Orc:2    | Bought a potion of curing for 42 gold pieces
 30155 | Orc:2    | Bought a wand of iceblast (5) for 156 gold pieces
 30155 | Orc:2    | Bought a scroll of brand weapon for 123 gold pieces
 30155 | Orc:2    | Bought a scroll of fog for 52 gold pieces
 30157 | Orc:2    | Bought a ring of poison resistance for 260 gold pieces
 30568 | D:13     | Reached skill level 5 in Translocations
 32961 | D:14     | Reached skill level 9 in Dodging
 33578 | D:14     | Reached XP level 16. HP: 94/131 MP: 1/28
 33908 | D:14     | Reached skill level 10 in Dodging
 34441 | D:14     | Found a gate to the Vaults.
 35063 | D:14     | Found a portal to a secret trove of treasure.
 35088 | D:15     | Entered Level 15 of the Dungeon
 35992 | D:15     | Reached skill level 11 in Dodging
 36657 | D:15     | Reached skill level 12 in Dodging
 37036 | D:15     | Noticed Kirke
 37046 | D:15     | Killed Kirke
 37778 | D:15     | Reached skill level 13 in Dodging
 38100 | D:15     | Found a staircase to the Depths.
 38323 | Snake:1  | Entered Level 1 of the Snake Pit
 38385 | Snake:1  | Found Tixikas's CLEARANCE SALE!.
 38520 | Snake:1  | Noticed Frances
 38564 | Snake:1  | Killed Frances
 38703 | Snake:1  | Noticed Agnes
 38713 | Snake:1  | Killed Agnes
 39009 | Snake:1  | Reached skill level 14 in Dodging
 39517 | Snake:1  | Found a runed translucent door.
 40696 | Snake:2  | Noticed a nagaraja
 40715 | Snake:2  | Killed a nagaraja
 41362 | Snake:2  | Found a white marble altar of Elyvilon.
 41379 | Snake:2  | Reached skill level 5 in Necromancy
 41784 | Snake:2  | Reached XP level 17. HP: 139/139 MP: 8/30
 42287 | Snake:2  | Identified the +1 pair of gloves of the Moon {Int+3 Stlth+}
 42446 | Snake:2  | Noticed Vashnia
 43138 | Snake:2  | Killed Vashnia
 46725 | Snake:4  | Entered Level 4 of the Snake Pit
 46978 | Orc:2    | Bought a potion of magic for 104 gold pieces
 47110 | Swamp:1  | Entered Level 1 of the Swamp
 48615 | Swamp:2  | Identified the +2 pair of boots of Wyreare {Int+5}
 49098 | Swamp:2  | Reached skill level 10 in Shields
 52656 | Swamp:4  | Entered Level 4 of the Swamp
 52673 | Swamp:4  | Noticed Louise
 52684 | Swamp:4  | Killed Louise
 53062 | Swamp:4  | Reached XP level 18. HP: 112/147 MP: 16/31
 54173 | Swamp:4  | Got a decaying rune of Zot
 56447 | Snake:4  | Reached skill level 10 in Hexes
 57737 | Snake:4  | Reached skill level 15 in Summonings
 58163 | Snake:4  | Got a serpentine rune of Zot
 58795 | Vaults:1 | Entered Level 1 of the Vaults
 58916 | Orc:2    | Bought a ring of fire for 400 gold pieces
 59257 | Vaults:1 | Learned a level 4 spell: Animate Armour
 59280 | Vaults:1 | Reached skill level 1 in Earth Magic
 59291 | Vaults:1 | Reached XP level 19. HP: 153/155 MP: 14/32
 59492 | Vaults:1 | Learned a level 3 spell: Ozocubu's Armour
 59867 | Vaults:1 | Reached skill level 1 in Ice Magic
 60604 | Vaults:1 | Reached skill level 5 in Ice Magic
 62799 | Vaults:1 | Found Gythraips's Armour Emporium.
 62802 | Vaults:1 | Bought a +3 scale mail of fire resistance for 338 gold
                  | pieces
 63612 | Elf:1    | Entered Level 1 of the Elven Halls
 63941 | Elf:1    | Noticed Roxanne
 63960 | Elf:1    | Killed Roxanne
 64794 | Elf:1    | Found Geustruf's Antique Armour Shop.
 64798 | Elf:1    | Found Lavi's Assorted Antiques.
 64799 | Elf:1    | Found Yxtin's Weapon Shop.
 66145 | Elf:1    | Reached XP level 20. HP: 156/168 MP: 27/33
 66349 | Vaults:2 | Reached skill level 15 in Fighting
 66381 | Vaults:2 | Found a flickering gateway to a bazaar.
 66433 | Bazaar   | Entered a bazaar
 66568 | Bazaar   | Found Ziczagetatz's Jewellery Emporium.
 66606 | Bazaar   | Found Tosoor's Jewellery Emporium.
 66644 | Bazaar   | Found Giyptuf's Jewellery Boutique.
 66701 | Bazaar   | Found Laejuaxt's Assorted Antiques.
 66739 | Bazaar   | Bought the ring "Ceafeytz" {rF+ rC+ MP+9 Str+2} for 807
                  | gold pieces
 66776 | Bazaar   | Bought a potion of resistance for 200 gold pieces
 67548 | Vaults:2 | Identified the +4 scale mail "Viozagh" {rF- rN+++ Int-4
                  | Slay+5}
 69569 | Vaults:2 | Identified the Treatise on Refrigeration and Ozone
 70026 | Vaults:3 | Found Suesev's Antique Armour Shop.
 71508 | Vaults:3 | Reached skill level 15 in Dodging
 72116 | Vaults:3 | Learned a level 2 spell: Sublimation of Blood
 72171 | Vaults:3 | Identified the +2 pair of gloves of Zaediobb {Regen+}
 72504 | Vaults:3 | Found Fojoxad's Armour Shoppe.
 72745 | Vaults:3 | Reached skill level 16 in Dodging
 72775 | Vaults:3 | Reached XP level 21. HP: 143/183 MP: 6/34
 73318 | Vaults:3 | Found a staircase to the Crypt.
 73470 | Vaults:3 | Reached skill level 17 in Dodging
 73564 | Vaults:3 | Found a gateway to a bazaar.
 73574 | Bazaar   | Entered a bazaar
 73574 | Bazaar   | Found Putirroa's Weapon Shoppe.
 73574 | Bazaar   | Found Wann's Assorted Antiques.
 73583 | Bazaar   | Found Vootig's Antique Armour Shoppe.
 73599 | Bazaar   | Found Oclair's Armour Emporium.
 73621 | Bazaar   | Bought a pair of fading boots for 256 gold pieces
 73621 | Bazaar   | Identified the +1 pair of boots of Golden Creativity {rN+}
                  | (You bought it in a shop in a bazaar)
 74841 | Vaults:4 | Reached skill level 18 in Dodging
 74967 | Vaults:4 | Found a crumbling gateway.
 75543 | Vaults:4 | Reached skill level 19 in Dodging
 76195 | Vaults:4 | Noticed Saint Roka
 76897 | Vaults:4 | Reached skill level 20 in Dodging
 77300 | Vaults:4 | Killed Saint Roka
 78728 | Elf:2    | Noticed Jorgrun
 78753 | Elf:2    | Killed Jorgrun
 78811 | Abyss:2  | Cast into level 2 of the Abyss (a deep elf sorcerer)
 78828 | Elf:2    | Escaped the Abyss
 79150 | Elf:2    | Found Liplydapn's Firing Range.
 79154 | Elf:2    | Bought a throwing net for 54 gold pieces
 79154 | Elf:2    | Bought a throwing net for 54 gold pieces
 79614 | Elf:2    | Found a runed translucent gate.
 79615 | Elf:2    | Found a runed translucent gate.
 79615 | Elf:2    | Found a runed translucent gate.
 79747 | Elf:2    | Found Zecrut's Jewellery Shop.
 79749 | Elf:2    | Found Ycosmos's Book Emporium.
 79797 | Elf:2    | Reached XP level 22. HP: 194/194 MP: 35/35
 79830 | Elf:2    | Found Deomuseu's Jewellery Shop.
 80123 | Depths:1 | Entered Level 1 of the Depths
 80810 | Depths:1 | Found a gateway to Hell.
 80813 | Depths:1 | Identified the +8 dagger of Wondrous Power {holy, rPois
                  | Str+2 Dex+3}
 80886 | Depths:1 | Reached skill level 10 in Armour
 81541 | Depths:1 | Noticed Asterion
 81560 | Depths:1 | Killed Asterion
 81729 | Depths:1 | Found a one-way gate to the infinite horrors of the Abyss.
 81897 | Depths:1 | Your ally Asterion died
 81898 | Depths:1 | Gained mutation: You are agile. (Dex +4, Str/Int -1) [a
                  | neqoxec]
 82077 | Depths:1 | Found a burning altar of Makhleb.
 82159 | Depths:1 | Noticed Bai Suzhen
 82201 | Depths:1 | Killed Bai Suzhen
 82555 | Depths:2 | Found Waepiged's Antique Armour Shoppe.
 82829 | Depths:2 | Found the +3 greatsling "Punk" {acid, rCorr}
 83320 | Depths:2 | Found a one-way gate leading to the halls of Pandemonium.
 83847 | Depths:2 | Identified the +0 leather armour of the Exiled Yaks {Int+6}
 84007 | Depths:2 | Found a one-way gateway to a ziggurat.
 85686 | Depths:4 | Entered Level 4 of the Depths
 85917 | Depths:4 | Noticed a golden dragon
 85968 | Depths:4 | Killed a golden dragon
 86484 | Depths:4 | Reached XP level 23. HP: 200/200 MP: 25/36
 86834 | Depths:4 | Identified the Tome of Shaping
 87569 | Depths:4 | Found a gate to the Realm of Zot.
 88080 | Elf:2    | Reached skill level 10 in Ranged Weapons
 89881 | Elf:3    | Entered Level 3 of the Elven Halls
 90106 | Abyss:2  | Cast into level 2 of the Abyss (a deep elf demonologist)
 90127 | Elf:3    | Escaped the Abyss
 90765 | Elf:3    | Identified the +1 ring mail of Heresy {rF+ Dex+4 SInv}
 91116 | Abyss:2  | Cast into level 2 of the Abyss (a deep elf sorcerer)
 91123 | Abyss:2  | Found a corrupted altar of Lugonu.
 91145 | Elf:3    | Escaped the Abyss
 91151 | Elf:3    | Reached skill level 10 in Spellcasting
 91491 | Elf:3    | Paralysed by an air elemental for 1 turns
 91498 | Elf:3    | Paralysed by an air elemental for 1 turns
 91676 | Abyss:2  | Cast into level 2 of the Abyss (a deep elf sorcerer)
 91729 | Abyss:2  | Found a corrupted altar of Lugonu.
 91810 | Abyss:2  | Found a corrupted altar of Lugonu.
 91940 | Abyss:2  | Found a corrupted altar of Lugonu.
 91950 | Elf:3    | Escaped the Abyss
 92733 | Crypt:1  | Entered Level 1 of the Crypt
 92818 | Crypt:1  | Noticed Sojobo
 93120 | Vaults:3 | Learned a level 7 spell: Malign Gateway
 93308 | D:11     | Learned a level 6 spell: Death Channel
 93738 | Crypt:1  | Noticed Boris
 93741 | Crypt:1  | Paralysed by an air elemental for 1 turns
 93747 | Crypt:1  | Paralysed by an air elemental for 1 turns
 93751 | Crypt:1  | Paralysed by an air elemental for 1 turns
 93828 | Crypt:1  | Noticed Jory
 93855 | Crypt:1  | Killed Jory
 94348 | Crypt:1  | Killed Sojobo
 94725 | Crypt:1  | Killed Boris
 95436 | Crypt:2  | Reached XP level 24. HP: 206/208 MP: 32/40
 97250 | Crypt:3  | Entered Level 3 of the Crypt
 97716 | Crypt:2  | Reached skill level 10 in Necromancy
 98802 | Crypt:2  | Found a shimmering altar of Xom.
 98878 | Crypt:3  | Found a staircase to the Tomb.
 98898 | Crypt:3  | Paralysed by a vampire knight for 5 turns
 98901 | Crypt:3  | Mangled by a vampire knight

Illustrated notes

Levels and vault maps discovered:
D:1:      tarquinn_simple_flora_water_b, layout_rooms, minmay_distorted
D:2:      layout_loops_corners, uniq_robin
D:3:      layout_basic, vehumet_crystals, amcnicky_altar_gilded, fedhas_altar_4,
          mainiacjoe_overflow_paths, serial_undead, serial_undead_f,
          serial_undead_c, serial_undead_c, serial_undead_c, serial_undead_e,
          serial_undead_a, serial_undead_f, serial_undead_b
D:4:      layout_cave_pools, tso_metal_star
D:5:      layout_cave_pods, gup_sewer_entry_bowl, uniq_eustachio
D:6:      layout_cave_pods, minmay_temple_entry_overgrown, serial_shops, shop,
          centaur_isle
D:7:      layout_loops_corners, marbit_many_paths
D:8:      minmay_spotlight, layout_rooms, uniq_maggie
D:9:      minmay_the_grid_octo_2x2 [minmay_the_grid_octo_77,
          minmay_the_grid_octo_vomiting_pacman, minmay_the_grid_octo_clover_2,
          minmay_the_grid_octo_prize_big_c], layout_rooms,
          mainiacjoe_overflow_cross_hatched
D:10:     layout_stronghold, slow_altar_1, enter_bailey_3
D:11:     layout_irregular_city, lair_entry_dummy, orc_0_dummy, uniq_lodul,
          uniq_grum, uniq_amaemon, uniq_urug
D:12:     layout_basic
D:13:     layout_roguey
D:14:     layout_cross, lightli_vaults_fourway_checkpoint,
          nicolae_trove_entry_columns
D:15:     grunt_enter_depths_magical_seal, layout_gridville,
          chequers_serial_rivers_large_b, minmay_bent, uniq_kirke
Temple:   eino_narrow_crystal_temple
Lair:1:   layout_loops_ring
Lair:2:   layout_regular_city, skrybe_swamp_entry_bodies,
          minmay_snake_entry_guardpost_medium, beast_lair_carwin_10, uniq_erica
Lair:3:   beast_lair_carwin_large_3, layout_chaotic_city, serial_bayou_shore_b
Lair:4:   lemuel_reptile_caves, layout_cave_pods
Lair:5:   grunt_lair_end_beastmaster, layout_gridlike,
          nicolae_slime_entry_field_trip, serial_rivers,
          chequers_serial_rivers_large_a, chequers_serial_rivers_micro_a,
          chequers_serial_rivers_room_b, chequers_serial_rivers_small_b,
          chequers_serial_rivers_micro_e, chequers_serial_rivers_small_3
Swamp:1:  layout_basic_swamp, evilmike_swamp_ruin_house_2
Swamp:2:  layout_basic_swamp, evilmike_swamp_ruin_rubble_2
Swamp:3:  layout_falls_marsh, nicolae_swamp_ascending_descending_big
Swamp:4:  swamp_fiery, layout_basic_swamp, swamp_pool2, water_boxes_lemuel,
          infiniplex_staircase_pool, uniq_louise
Snake:1:  cheibrodos_toxic_ritual, layout_onion, nicolae_shop_clearance,
          uniq_frances, uniq_agnes
Snake:2:  layout_chambers, basic_altar, grunt_megastairs_1, uniq_vashnia
Snake:3:  layout_cave_town
Snake:4:  snake_pit, layout_layer_cave, drop_trap
Orc:1:    layout_caves, mines2_david, uniq_snorg, uniq_nergalle, uniq_harold
Orc:2:    grunt_orc_tribal_feast, layout_caves, uniq_sonja
Elf:1:    minmay_elf_arrival_plus, layout_geoelf_grid, hangedman_elf_disciples,
          nicolae_wwwww, solitary_fountain, minmay_shop_star, uniq_roxanne
Elf:2:    nicolae_elf_blades_crystal_corner, layout_gridlike,
          nicolae_shop_firing_range, minmay_shop_grove, uniq_jorgrun
Elf:3:    grunt_elf_hall_diamonds, layout_geoelf_diagonals
Vaults:1: hangedman_vaults_stream, vaults_standard_mumra_x,
          vaults_mumra_minichess_inversion, vaults_room_fancy_cross,
          nicolae_vaults_bisected_slash, v_misc_16, grunt_vaults_trifunnel,
          vaults_room_large_hall, v_misc_28, layout_vaults_big_cross,
          serial_shops, nicolae_shop_behind_doors
Vaults:2: v_misc_1, nicolae_vaults_stairing_the_circle, vaults_mumra_hexcomb,
          grunt_vaults_twisty, ontoclasm_vaults_pinch, v_misc_11,
          ontoclasm_vaults_ring_large, nicolae_vaults_hallways_thing,
          nicolae_vaults_minivaults, v_misc_12, ontoclasm_vaults_fault,
          vaults_room_pools, vaults_dpeg_emergency_exit,
          nicolae_vaults_rhombus_6, vaults_room_pools, layout_vaults_ring,
          serial_shops, bzr_in_the_mist
Vaults:3: v_misc_24, vaults_room_pool, grunt_vaults_funnel,
          hangedman_vaults_slither, nicolae_vaults_network_quinsquares
          [nicolae_vaults_network_quincunx_subvault,
          nicolae_vaults_network_quincunx_subvault,
          nicolae_vaults_network_quincunx_subvault,
          nicolae_vaults_network_quincunx_subvault], special_room_vaults
          [special_room_orc], hangedman_vaults_capsules, vaults_room_door_ring,
          vaults_dpeg_diagonal, nicolae_vaults_little_squares_3,
          layout_vaults_omnigrid, minmay_crypt_entry_simple_corners,
          serial_shops, statue_bzr, nicolae_shop_overgrown_old_shop, shop
Vaults:4: portal_desolation_entry_twin_temple,
          nicolae_vaults_bisected_inception, ontoclasm_vaults_twist,
          nicolae_vaults_network_square, ontoclasm_vaults_hangar,
          nicolae_vaults_little_squares_3, v_misc_11, hangedman_vaults_impose,
          hangedman_vaults_nails, vaults_mumra_hex, layout_vaults_big_room,
          uniq_saint_roka
Crypt:1:  layout_basic, minivault_27, roderic_lattice_octagonal_star,
          uniq_margery, uniq_jory, uniq_boris, uniq_sojobo
Crypt:2:  layout_gridlike, grunt_megastairs_2, lemuel_upstairs_altar
Crypt:3:  david_glass_crypt, layout_basic, st_stairs_4, minivault_23
Depths:1: layout_roguey, amcnicky_mini_pool_small, hangedman_abyss_entry_splay,
          hell_entry, grunt_guarded_unrand_obsidian_axe, uniq_asterion,
          uniq_bai_suzhen
Depths:2: nicolae_cairo_tiling_large, layout_twisted_cross, enter_ziggurat_f,
          hangedman_coc_ice_floe, grunt_pan_entry_in_and_out, serial_shops,
          shop, serial_co_window_serial, co_window_paths_b, co_window_paths_b,
          co_window_paths_b, co_window_cross_1, co_window_corner_a,
          co_window_corner_a, co_window_paths_b, co_window_corner_a,
          co_window_corner_a, co_window_unsneaky_path_a, co_window_corner_ca,
          minmay_misc_feat_four_crosses
Depths:3: nicolae_whirlpool, layout_cave_pools, grunt_metal_band, abyss_entry,
          serial_sigils_hangedman_writhe, rand_demon_pan_entry_9,
          hangedman_decor_cross_pass
Depths:4: evilmike_zot_entry_basic, layout_cave_pools, grunt_pan_entry_zigzag,
          serial_sigils_hangedman_gnaw, hell_entry, minmay_curled_crystal,
          serial_bayou_shore_a

Skill      XL: |  1  2  3  4  5  6  7  8  9 10 11 12 13 14 15 16 17 18 19 20 21 22 23 24 |
---------------+-------------------------------------------------------------------------+-----
Polearms       | 5 6 8 10 12 14 | 14.3
Throwing       | 3 6 |  6.2
Fighting       | 5 6 8 10 12 13 14 18 19 | 19.0
Armour         | 3 7 8 11 | 11.4
Shields        | 7 12 13 | 13.9
Dodging        | 5 8 9 14 16 20 | 20.0
Evocations     | 4 |  4.0
Summonings     | 4 6 12 13 15 | 15.3
Spellcasting   | 2 6 7 11 | 11.0
Necromancy     | 4 5 7 9 10 | 10.4
Hexes          | 6 9 11 | 11.5
Ranged Weapons | 3 5 9 10 | 10.5
Translocations | 6 8 9 |  9.1
Earth Magic    | 1 4 |  4.7
Ice Magic      | 5 |  5.1

Action                     |  1- 3 |  4- 6 |  7- 9 | 10-12 | 13-15 | 16-18 | 19-21 | 22-24 || total
---------------------------+-------+-------+-------+-------+-------+-------+-------+-------++-------
  Melee: Trident           |   102 |    92 |   249 |   609 |   564 |   374 |   582 |    66 ||  2638
         Tailslap          |     1 |       |    11 |     1 |     7 |    15 |     8 |     8 ||    51
         Punch             |     1 |       |     1 |       |       |       |       |       ||     2
         Demon trident     |       |       |       |       |       |       |       |   360 ||   360
   Fire: Sling             |       |       |       |       |   321 |   185 |     5 |    26 ||   537
         Greatsling        |       |       |       |       |       |       |       |   519 ||   519
  Throw: Dart              |       |       |   102 |   175 |    93 |       |       |       ||   370
         Boomerang         |       |       |       |       |       |     9 |    13 |       ||    22
         Javelin           |       |       |       |       |       |       |    31 |    23 ||    54
   Cast: Call Canine Famil |       |       |       |     9 |    59 |    64 |       |       ||   132
         Summon Mana Viper |       |       |       |       |    64 |   124 |   142 |    88 ||   418
         Summon Cactus Gia |       |       |       |       |    37 |    83 |    87 |    71 ||   278
         Summon Forest     |       |       |       |       |    26 |   102 |    78 |    87 ||   293
         Animate Dead      |       |       |       |       |     1 |    27 |    57 |    20 ||   105
         Animate Armour    |       |       |       |       |       |     1 |   102 |    57 ||   160
         Ozocubu's Armour  |       |       |       |       |       |       |     5 |     1 ||     6
         Sublimation of Bl |       |       |       |       |       |       |     3 |       ||     3
 Invoke: Curse Item        |       |       |     2 |     5 |     2 |     4 |     2 |       ||    15
         Shatter the Chain |       |       |       |     1 |       |     4 |     2 |       ||     7
  Evoke: Wand              |       |       |       |    16 |    16 |    19 |    17 |    11 ||    79
         Phantom mirror    |       |       |       |     2 |     3 |     4 |     5 |     3 ||    17
         Tin of tremorston |       |       |       |     2 |     4 |     4 |       |     4 ||    14
         Condenser vane    |       |       |       |       |     2 |     3 |     5 |     6 ||    16
         Box of beasts     |       |       |       |       |       |     4 |     3 |     6 ||    13
         Phial of floods   |       |       |       |       |       |     2 |     3 |     5 ||    10
         Lightning rod     |       |       |       |       |       |       |       |     4 ||     4
    Use: Scroll            |     5 |     6 |    14 |     4 |     7 |    12 |    11 |    17 ||    76
         Potion            |       |       |     1 |     2 |       |     8 |     9 |     8 ||    28
   Stab: Sleeping          |     2 |       |       |       |       |       |       |       ||     2
         Distracted        |       |     1 |     1 |    13 |    20 |    13 |    31 |    15 ||    94
         Invisible         |       |       |       |       |       |       |     9 |       ||     9
 Armour: Leather armour    |    35 |     1 |       |       |       |       |       |       ||    36
         Scale mail        |       |    54 |    71 |       |       |   179 |   137 |   248 ||   689
         Chain mail        |       |       |    17 |     8 |       |       |       |       ||    25
         Acid dragon scale |       |       |       |   103 |   227 |    32 |       |       ||   362
  Dodge: Dodged            |    68 |    36 |   118 |   264 |   569 |   393 |   283 |   513 ||  2244
  Block: Buckler           |       |       |       |   122 |   253 |    77 |       |       ||   452
         Kite shield       |       |       |       |       |       |   217 |   387 |   666 ||  1270

Table legend: (Time is in decaauts)
 A = Elapsed time spent in this place.
 B = Non-inter-level travel time spent in this place.
 C = Inter-level travel time spent in this place.
 D = Time resting spent in this place.
 E = Time spent auto-exploring this place.
 F = Levels seen in this place.
 G = Mean time per level.
                   A        B        C        D        E       F      G
               +--------+--------+--------+--------+--------+-----+--------+
         Total |  97132 |  92166 |   4966 |  42673 |  31816 |  53 | 1832.7 |
       Dungeon |  24049 |  22221 |   1828 |   9591 |   8588 |  15 | 1603.3 |
        Temple |    198 |    173 |     25 |      0 |    165 |   1 |  198.0 |
          Lair |   8153 |   7631 |    522 |   2276 |   3515 |   5 | 1630.6 |
         Swamp |   7868 |   7757 |    111 |   4679 |   1851 |   4 | 1967.0 |
     Snake Pit |  11762 |  11352 |    410 |   5907 |   3892 |   4 | 2940.5 |
  Orcish Mines |   4445 |   4073 |    372 |   2345 |    967 |   2 | 2222.5 |
   Elven Halls |   8775 |   8380 |    395 |   4247 |   2229 |   3 | 2925.0 |
        Vaults |  16063 |  15138 |    925 |   6620 |   5546 |   4 | 4015.8 |
         Crypt |   5356 |   5192 |    164 |   3051 |   1219 |   3 | 1785.3 |
        Depths |   7625 |   7415 |    210 |   2528 |   3185 |   4 | 1906.2 |
         Abyss |    328 |    328 |      0 |     91 |     30 |   4 |   82.0 |
        Bazaar |    418 |    418 |      0 |      0 |    290 |   2 |  209.0 |
         Sewer |   1652 |   1652 |      0 |   1161 |    275 |   1 | 1652.0 |
        Bailey |    434 |    434 |      0 |    174 |     61 |   1 |  434.0 |
               +--------+--------+--------+--------+--------+-----+--------+

Top non-repeatable levels by time:
Vaults:1: 5011 daAuts
Vaults:3: 4826 daAuts
 Snake:2: 3906 daAuts
   Elf:1: 3616 daAuts
Vaults:2: 3420 daAuts
    D:15: 3051 daAuts
 Snake:4: 3043 daAuts
  Lair:5: 3025 daAuts
    D:13: 2960 daAuts
   Elf:2: 2919 daAuts
Vaults:4: 2805 daAuts
 Crypt:2: 2781 daAuts
   Orc:2: 2747 daAuts
 Snake:3: 2696 daAuts
 Swamp:2: 2677 daAuts
